 Dungeon Crawl Stone Soup version 0.19.5 (console) character file.

123 Grinner the Cudgeler (level 5, -3/55 HPs)
             Began as an Ogre Gladiator on Mar 20, 2017.
             Killed from afar by an orc wizard (6 damage)
             ... with a magic dart
             ... on level 4 of the Dungeon.
             The game lasted 00:03:58 (2423 turns).

Grinner the Cudgeler (Ogre Gladiator)               Turns: 2423, Time: 00:03:59

Health: -3/55      AC:  3    Str: 21    XL:     5   Next: 7%
Magic:  5/5        EV: 10    Int:  7    God:
Gold:   145        SH:  0    Dex: 10    Spells: 0 memorised, 4 levels left

rFire  + . .     SeeInvis .     a - +0 flail
rCold  x . .     Gourm    .     b - +0 robe
rNeg   . . .     Faith    .     (no shield)
rPois  .         Spirit   .     c - +0 hat
rElec  .         Reflect  .     (no cloak)
rCorr  .         Harm     .     (gloves unavailable)
MR     .....                    (boots unavailable)
Stlth  +.........               (no amulet)
                                (no ring)
                                r - ring of fire

@: no status effects
A: unfitting armour, tough skin 1
a: no special abilities


You were on level 4 of the Dungeon.
You were not hungry.

You visited 1 branch of the dungeon, and saw 4 of its levels.

You collected 145 gold pieces.

Inventory:

Hand Weapons
 a - a +0 flail (weapon)
Missiles
 d - 3 throwing nets (quivered)
Armour
 b - a +0 robe (worn)
 c - a +0 hat (worn)
Jewellery
 r - a ring of fire (left hand)
Wands
 q - a wand of iceblast (6/15)
Scrolls
 e - 2 scrolls of teleportation {unknown}
 g - 4 scrolls of identify {unknown}
 h - 2 scrolls of enchant weapon {unknown}
 i - 5 scrolls of remove curse {unknown}
 l - a scroll of noise {unknown}
 n - a scroll of amnesia {unknown}
 o - a scroll of recharging {unknown}
Potions
 p - 2 potions of curing
Comestibles
 f - 2 bread rations
 k - 2 meat rations
 m - a beef jerky


   Skills:
 + Level 4.5 Fighting
 * Level 6.3 Maces & Flails
 - Level 2.0 Throwing
 - Level 2.6 Dodging


You had 4 spell levels left.
You didn't know any spells.

Dungeon Overview and Level Annotations

Branches:
Dungeon (4/15)
 Temple: D:4-7

Altars:
Dithmenos


Innate Abilities, Weirdness & Mutations

You are too large for most types of armour.
You have tough skin. (AC +1)


Message History

* * * LOW HITPOINT WARNING * * *
You sock the orc!
You kill the orc!
Something hits you but does no damage. The orc barely misses you.
The orc wizard hits you with a dagger.
* * * LOW HITPOINT WARNING * * *
You sock the orc wizard!
The orc wizard is almost dead.
Something hits you but does no damage. The orc wizard barely misses you.
The orc barely misses you. Something hits you.
* * * LOW HITPOINT WARNING * * *
The orc wizard hits you but does no damage.
You hit the orc wizard but do no damage.
The orc wizard is almost dead.
Something hits you.
* * * LOW HITPOINT WARNING * * *
The orc hits you but does no damage.
The orc wizard points at you and mumbles some strange words.
The magic dart hits you!
You die...

##### #...# #.#.#
################.#$#####
#####.......................
....).......................
#####...........o...........
#####..).......oo##(........
...##..........{@##.o.......
...##............##.oo......
...##............##.(.......
...##............##.........
...##............##.........
...##............##.........
...##............##.........
...#########.##### ####


You could see an orc priest, an orc wizard and an orc.

Vanquished Creatures
  A bullfrog skeleton (D:3)
  Ijyb (D:4)
  An adder (D:3)
  A dart slug (D:1)
  3 leopard geckos
  6 orcs
  4 bats
  3 giant cockroaches (D:1)
  6 goblins
  5 hobgoblins
  4 kobolds
  A quokka (D:2)
  4 frilled lizards (D:2)
  A quokka skeleton (D:4)
  7 rats
48 creatures vanquished.

Notes
Turn   | Place    | Note
-------+----------+-------------------------------------------
     0 | D:1      | Grinner the Ogre Gladiator began the quest for the Orb.
     0 | D:1      | Reached XP level 1. HP: 22/22 MP: 1/1
    76 | D:1      | Reached XP level 2. HP: 25/29 MP: 2/2
   381 | D:1      | Reached skill level 5 in Maces & Flails
   586 | D:1      | Reached XP level 3. HP: 33/37 MP: 3/3
   919 | D:2      | Found a shadowy altar of Dithmenos.
  1718 | D:3      | Reached XP level 4. HP: 27/48 MP: 4/4
  2071 | D:3      | Noticed Ijyb
  2102 | D:4      | Killed Ijyb
  2102 | D:4      | Reached skill level 6 in Maces & Flails
  2383 | D:4      | Reached XP level 5. HP: 41/55 MP: 5/5
  2423 | D:4      | Killed from afar by an orc wizard

Skill      XL: |  1  2  3  4 |
---------------+-------------+-----
Fighting       | 3 4 |  4.5
Maces & Flails | 5 6 |  6.3
Throwing       | |  2.0
Dodging        | |  2.6

Action                   |  1- 3 |  4- 6 || total
-------------------------+-------+-------++-------
Melee: Flail             |   104 |    49 ||   153
  Use: Potion            |       |     3 ||     3
 Stab: Sleeping          |     1 |       ||     1
  Eat: Chunk             |     3 |     2 ||     5
Armor: Robe              |    33 |    11 ||    44
Dodge: Dodged            |    53 |    43 ||    96
